 Dungeon Crawl Stone Soup version 0.17-a0-1255-gd996e2d (webtiles) character file.

225 Chiseanne the Sneak (level 5, -2/38 HPs)
             Began as a Demonspawn Wanderer on June 6, 2015.
             Slain by a mummy (9 damage)
             ... in an ossuary.
             The game lasted 00:10:06 (3387 turns).

Chiseanne the Sneak (Demonspawn Wanderer)           Turns: 3387, Time: 00:10:07

Health: -2/38      AC:  8    Str: 11    XL:     5   Next: 68%
Magic:  3/3        EV: 11    Int: 13    God:
Gold:   129        SH:  0    Dex: 20    Spells: 1 memorised, 8 levels left

rFire  . . .     SeeInvis .     d - +2 flail (antimagic)
rCold  . . .     Clarity  +     o - +3 ring mail {rN+}
rNeg   + . .     SustAt   .     (no shield)
rPois  .         Gourm    .     (no helmet)
rElec  .         Spirit   .     (no cloak)
rCorr  .         Warding  .     (no gloves)
rMut   .         Stasis   .     (no boots)
MR     .....                    e - amulet of clarity
Stlth  +++++.....               A - ring of flight
                                l - ring of invisibility

@: agile, not resistant to hostile enchantments, quite stealthy
A: demonic guardian 1, nightstalker 2
a: Evoke Invisibility, Evoke Flight


You were in an ossuary.
You were hungry.

You visited 1 branch of the dungeon, and saw 4 of its levels.
You also visited: Ossuary.

You collected 129 gold pieces.

Inventory:

Hand weapons
 a - a +1 dagger of freezing
 d - a +2 antimagic flail (weapon)
 s - a +1 whip of venom
 w - a +2 blowgun
Missiles
 b - 6 tomahawks (quivered)
 g - 10 bolts
 k - 11 poisoned arrows
 m - 14 silver sling bullets
 r - 23 sling bullets
 y - 2 curare-tipped needles
 z - 20 arrows
 C - 16 poisoned needles
Armour
 o - a +3 ring mail of positive energy (worn)
 u - a +2 ring mail of poison resistance
Jewellery
 e - an amulet of clarity (around neck)
 l - a ring of invisibility (left hand)
 A - a ring of flight (right hand)
Scrolls
 i - 3 scrolls of remove curse
 p - 3 scrolls of identify
 v - a scroll of noise
Potions
 h - a potion of curing
 n - a potion of flight
 B - a potion of poison {unknown}
Books
 c - the Almanac of Companions

   Spells                             Type                      Level
   a - Summon Butterflies             Summoning                    1
   b - Call Canine Familiar           Summoning                    3
Comestibles
 f - 4 bread rations
 j - 8 fruits
 t - a royal jelly
 x - a slice of pizza


   Skills:
 * Level 2.0 Fighting
 - Level 1.0 Short Blades
 - Level 1.7 Throwing
 * Level 2.2 Armour
 * Level 1.5 Dodging
 * Level 3.3 Stealth
 * Level 2.7 Spellcasting
   Level 2.6 Translocations


You had 8 spell levels left.
You knew the following spells:

 Your Spells              Type           Power        Failure   Level  Hunger
a - Summon Butterflies    Summ           #.......     63%         1    #......


Dungeon Overview and Level Annotations

Branches:
Dungeon (4/15)
 Temple: D:4-7

Altars:
Qazlal
Yredelemnul


Innate Abilities, Weirdness & Mutations

A weak demonic guardian rushes to your aid.
You are significantly more attuned to the shadows.


Message History

Your crimson imp hits the mummy but does no damage.
The mummy completely misses you. The mummy hits you.
You sock the mummy!
The mummy is severely damaged.
Your crimson imp blinks!
The gnoll zombie barely misses you. The mummy hits you!
Your crimson imp barely misses the gnoll zombie.
Drink which item? (? for menu, Esc to quit)
You feel agile all of a sudden. The gnoll zombie closely misses you.
The mummy barely misses you. The mummy closely misses you.
Your crimson imp blinks!
You hit the mummy.
You destroy the mummy!
The gnoll zombie completely misses you. The mummy closely misses you.
Your crimson imp completely misses the gnoll zombie.
The mummy hits you!
* * * LOW HITPOINT WARNING * * *
The gnoll zombie barely misses you. The mummy hits you!
You die...

#....#
#....#
#....#
#....#
#....#
#....#
#...5#
#.ZMZ#
#.M@M#
######


You could see 3 mummies, a hobgoblin zombie, a gnoll zombie and a friendly
crimson imp.

Vanquished Creatures
  An orc priest (D:3)
  An orc wizard (D:3)
  A worker ant (D:3)
  A mummy (Ossuary)
  3 adders
  4 gnolls (D:3)
  An ooze (D:1)
  A worm (D:1)
  A giant gecko (D:1)
  An orc (D:3)
  2 ball pythons (D:3)
  8 bats
  3 giant cockroaches
  10 hobgoblins
  10 jackals
  4 giant newts
  6 goblins
  2 hobgoblin zombies (Ossuary)
  8 kobolds
  2 kobold zombies (Ossuary)
  4 rats
74 creatures vanquished.

Vanquished Creatures (collateral kills)
  An orc (D:3)
1 creature vanquished.

Grand Total: 75 creatures vanquished

Notes
Turn   | Place    | Note
--------------------------------------------------------------
     0 | D:1      | Chiseanne the Demonspawn Wanderer began the quest for the Orb.
     0 | D:1      | Chiseanne set off with: 2 curare-tipped needles, a +2 blowgun, the Almanac of Companions, a +0 short sword, a +0 robe, a bread ration
     0 | D:1      | Reached XP level 1. HP: 15/15 MP: 3/3
     2 | D:1      | Identified the Almanac of Companions
     4 | D:1      | Learned a level 1 spell: Summon Butterflies
   448 | D:1      | Gained mutation: You are slightly more attuned to the shadows. [demonic ancestry]
   448 | D:1      | Reached XP level 2. HP: 9/21 MP: 5/5
  1359 | D:1      | Gained mutation: A weak demonic guardian rushes to your aid. [demonic ancestry]
  1359 | D:1      | Reached XP level 3. HP: 26/26 MP: 6/6
  1466 | D:2      | Reached skill level 1 in Armour
  1568 | D:2      | Found a stormy altar of Qazlal.
  1836 | D:3      | Reached skill level 1 in Dodging
  1836 | D:3      | Gained mutation: You are significantly more attuned to the shadows. [demonic ancestry]
  1836 | D:3      | Reached XP level 4. HP: 32/32 MP: 8/8
  1966 | D:3      | Found a basalt altar of Yredelemnul.
  2449 | D:3      | Reached XP level 5. HP: 20/38 MP: 6/9
  2788 | D:3      | Reached skill level 3 in Stealth
  3314 | D:4      | Found a sand-covered staircase.
  3322 | Ossuary  | Entered an ossuary
  3387 | Ossuary  | Slain by a mummy

Vault maps used:
D:1:      dpeg_arrival_brainrot
D:2:      grunt_qazlal_clouds
D:3:      lemuel_upstairs_altar, lemuel_doored_altar, first_bread
D:4:      lemuel_coloured_pillars_altar, enter_ossuary_4
Ossuary:  ossuary_tomb_3

Action                   |  1- 3 |  4- 6 || total
-------------------------+-------+-------++-------
Melee: Short sword       |    63 |       ||    63
       Dagger            |    57 |    29 ||    86
       Whip              |    15 |    43 ||    58
       Flail             |       |    18 ||    18
Throw: Tomahawk          |       |     1 ||     1
  Use: Scroll            |     8 |       ||     8
       Potion            |       |     1 ||     1
 Stab: Sleeping          |     6 |    10 ||    16
  Eat: Chunk             |     3 |     4 ||     7
